Cogmind - Beta 17.1 @@@ ROGUE MODE // 2026.09.10 @ 18:56:35 Player: Ethranok Result: Destroyed by G-34 Mercenary with Small Laser Performance ------------- Evolutions (1) 500 Regions Visited (3) 600 Robots Destroyed (32) 160 Value Destroyed (808) 808 Prototype IDs (2) 40 Alien Tech Used (0) 0 Bonus (0) 0 TOTAL SCORE: 2108 Bonus ------- None Cogmind --------- Core Integrity 0/400 Matter 246/300 Energy 125/125 System Corruption 0% Temperature Warm (114) Movement Core (1450) Ox28 Location -9/Storage Parts ------- > --- POWER (1) -------- Light Ion Engine > --- PROPULSION (2) --- (None) > --- UTILITY (4) ------ Huge Storage Unit ECM Suite > --- WEAPON (2) ------- (None) > --- INVENTORY (25) --- Light Treads Light Treads Light Treads Light Treads Small Storage Unit Signal Interpreter EM Pulse Gun Small Laser Improved Medium Laser Improved Medium Laser Advanced Beam Cannon Advanced Beam Cannon Assault Rifle Rocket Launcher Peak State ------------ > --- POWER ------------ Light Ion Engine > --- PROPULSION ------- Light Treads Light Treads > --- UTILITY ---------- Huge Storage Unit Structural Scanner ECM Suite Backup Plating I > --- WEAPON ----------- Improved Medium Laser Advanced Beam Cannon > --- INVENTORY -------- Light Treads Light Treads Light Treads Small Storage Unit Signal Interpreter EM Pulse Gun Small Laser Improved Medium Laser Improved Medium Laser Advanced Beam Cannon Advanced Beam Cannon Assault Rifle Rocket Launcher [Rating: 15] Favorites ----------- Power Ion Engine Engine Ion Engine Propulsion Light Treads Treads Light Treads Utility Structural Scanner Device Structural Scanner Storage Huge Storage Unit Protection Backup Plating I Weapon Grenade Launcher Energy Gun Small Laser Energy Cannon Advanced Beam Cannon Ballistic Gun Assault Rifle Launcher Grenade Launcher Build | -11 -10 -9 -9 ------- Run | Yrd Mat Mat Sto Slots Evolved 2 | . . 2 . Power . | . . . . Propulsion . | . . . . Utility 2 | . . 2 . Weapon . | . . . . Parts Attached 23 | 6 3 6 8 Power 5 | 1 1 1 2 Engine 5 | 1 1 1 2 Core . | . . . . Reactor . | . . . . Propulsion 6 | 2 . 1 3 Treads 6 | 2 . 1 3 Leg . | . . . . Wheel . | . . . . Hover . | . . . . Flight . | . . . . Utility 5 | 1 1 2 1 Device 2 | . 1 1 . Storage 2 | 1 . 1 . Processor . | . . . . Hackware . | . . . . Protection 1 | . . . 1 Artifact . | . . . . Weapon 7 | 2 1 2 2 Energy Gun 3 | 1 . 1 1 Energy Cannon 1 | . . . 1 Ballistic Gun 1 | 1 . . . Ballistic Cannon . | . . . . Launcher 2 | . 1 1 . Special Weapon . | . . . . Impact Weapon . | . . . . Slashing Weapon . | . . . . Piercing Weapon . | . . . . Special Melee Weapon . | . . . . Unidentified Prototypes 2 | . . . 2 Parts Lost 13 | . . 3 10 Power 3 | . . 1 2 Propulsion 4 | . . 1 3 Utility 2 | . . . 2 Weapon 4 | . . 1 3 Highest Loss Streak 5 | . . 1 5 To Critical Strikes 1 | . . 1 . Average Backups 8 | 1 4 8 12 Power 1 | . 1 1 . Propulsion 2 | . 1 2 3 Utility 2 | . 1 2 2 Weapon 3 | . 1 2 6 Tool/Special . | . . . . Unused Backups 10 | . . 1 9 Power . | . . . . Propulsion 3 | . . . 3 Utility 1 | . . . 1 Weapon 6 | . . 1 5 Tool/Special . | . . . . Average Slot Usage (%) 85 | . 88 85 81 Engine 11 | . 14 10 10 Treads 22 | . 28 21 19 Device 15 | . 3 20 21 Storage 11 | . 14 11 11 Energy Gun 6 | . 2 8 7 Ballistic Gun 5 | . 14 1 . Launcher 10 | . 11 11 8 Peak Build Rating 15 | 6 7 10 15 Average Rating 8 | 4 6 8 10 On Entrance 5 | . 6 7 10 Avg Prop Armor Cover (%) 41 | 41 . . . Naked Turns . | . . . . Heaviest Build 97 | 11 16 95 97 Greatest Support 40 | 40 40 40 40 Greatest Overweight (x) 4 | . . 4 4 Average Overweight (x) . | . . 1 2 Largest Inventory Capacity 25 | 8 8 25 25 Average Capacity 18 | 6 8 24 25 Most Carried 17 | 5 8 11 17 Average Carried 8 | 1 4 8 12 Final Capacity 25 | 8 8 25 25 Final Carried 14 | 1 8 10 14 Class Distribution -------------------- 61% | Infiltrator-Mutant 38% | Mutant Dominant Class ---------------- Mutant | -10/Materials Infiltrator-Mutant | -9/Materials Infiltrator-Mutant | -9/Storage Resources | -11 -10 -9 -9 ----------- Run | Yrd Mat Mat Sto Matter Collected 692 | 205 61 178 248 Remotely . | . . . . Salvage Created 723 | . 244 231 248 Parts 58 | . 22 24 12 Haulers Intercepted 1 | . 1 . . Recyclers Shooed 4 | . 2 2 . Parts Field Recycled . | . . . . Retrieved Matter . | . . . . Parts Self-Destructed . | . . . . Prevented . | . . . . Parts Restored . | . . . . Kills | -11 -10 -9 -9 ------- Run | Yrd Mat Mat Sto Combat Hostiles Destroyed 24 | . 9 9 6 Guns 4 | . . 1 3 Cannons 1 | . . . 1 AOE 18 | . 9 7 2 Classes Destroyed 7 | . 4 3 . Worker 2 | . . 2 . Builder 2 | . . 2 . Hauler 1 | . 1 . . Watcher 3 | . 1 2 . Swarmer 6 | . 3 3 . Grunt 14 | . 6 4 4 Sentry 4 | . . 2 2 Best Kill Streak 8 | . 5 8 2 Combat Bots Only 5 | . 5 5 2 Max Kills in Single Turn 3 | . 3 3 1 Gunslinging . | . . . . Exploded 3 | . 3 2 1 Melee . | . . . . Uniques/NPCs Destroyed . | . . . . Combat | -11 -10 -9 -9 -------- Run | Yrd Mat Mat Sto Hostile Shots Fired 168 | . 38 52 78 Missed 39 | . 13 13 13 Hits 129 | . 25 39 65 Melee 10 | . . . 10 Projectile 119 | . 25 39 55 Critical Strikes 4 | . . 1 3 Damage Taken 1827 | . 255 499 1073 Core 434 | . 25 117 292 Absorbed by Shields . | . . . . Core Remaining (%) 95 | 100 90 . . Volleys Fired 84 | . 24 28 32 Largest 2 | . 2 2 1 Hottest 68 | . 60 60 68 Shots Fired 86 | . 25 29 32 Gun 40 | . 12 15 13 Cannon 16 | . . . 16 Launcher 30 | . 13 14 3 Special . | . . . . Kinetic 11 | . 11 . . Thermal 35 | . 1 5 29 Explosive 30 | . 13 14 3 Electromagnetic 10 | . . 10 . Robot Hit Streak 8 | . 3 8 5 Robot Miss Streak 5 | . 5 2 3 Penetration Max . | . . . . Secondary Targets . | . . . . Shots Hit Robots 43 | . 8 16 19 Core Hits 58 | . 23 26 9 Critical Kills . | . . . . Critical Parts Destroyed . | . . . . Critical Strikes 1 | . . . 1 Burn 1 | . . . 1 Melee Attacks . | . . . . Impact . | . . . . Slashing . | . . . . Piercing . | . . . . Sneak Attacks . | . . . . Combat Hostiles . | . . . . Follow-up Attacks . | . . . . Damage Inflicted 2080 | . 744 946 390 Guns 368 | . 77 154 137 Cannons 186 | . . . 186 Explosions 1526 | . 667 792 67 Melee . | . . . . Ramming . | . . . . Kinetic 65 | . 65 . . Thermal 368 | . 12 33 323 Explosive 1526 | . 667 792 67 Electromagnetic 121 | . . 121 . Impact . | . . . . Slashing . | . . . . Piercing . | . . . . Highest Corruption 4 | . 4 . . Average Corruption 3 | . 3 . . Corruption Purged . | . . . . Corruption Blocked . | . . . . Effects 4 | . 4 . . Message Errors 1 | . 1 . . Matter Fused 1 | . 1 . . Heat Flow Errors 1 | . 1 . . Data Loss (minor) 1 | . 1 . . Overload Shots . | . . . . Overflow Damage 4 | . . 4 . Projectiles . | . . . . Explosions 4 | . . 4 . Melee . | . . . . Knockbacks . | . . . . Impact . | . . . . Kinetic . | . . . . Secondary . | . . . . Self-Inflicted Damage 160 | . 36 82 42 Shots 8 | . 2 4 2 Rammed . | . . . . Targets Rammed . | . . . . Kicked . | . . . . Crushed . | . . . . Highest Temperature 188 | . 158 7 188 Average Temperature 61 | . 54 3 66 Received Heat Transfer 480 | . 48 132 300 Siege Activations . | . . . . Martial Activations . | . . . . Shielding Activations . | . . . . Robots Disrupted . | . . . . Combat Hostiles . | . . . . Robots Corrupted 1 | . . 1 . Combat Hostiles 1 | . . 1 . Parts Fried . | . . . . Impact Corruptions . | . . . . Robots Melted . | . . . . Combat Hostiles . | . . . . Parts Melted 2 | . . . 2 Heat Transferred 803 | . 25 75 703 Parts Sabotaged . | . . . . Parts Stolen . | . . . . Parts Stripped . | . . . . Power Chain Reactions . | . . . . Alert | -11 -10 -9 -9 ------- Run | Yrd Mat Mat Sto Maximum Alert Level 1 | . 1 . . Low Security (%) 88 | 100 64 100 100 Level 1 11 | . 35 . . Level 2 . | . . . . Level 3 . | . . . . Level 4 . | . . . . Level 5 . | . . . . High Security . | . . . . Max Security . | . . . . Peak Influence 236 | . 236 199 71 Initial 71 | . . 61 71 Average 78 | . 134 84 28 Influence Increases 846 | . 314 340 192 Destroy 0b10 Robot/C 480 | . 180 180 120 Destroy 0b10 Robot/NC 40 | . 10 30 . Destroy Leader 118 | . 34 44 40 Successful Hack 22 | . 5 8 9 Disable Machine 45 | . . 45 . Destroy Structure 111 | . 55 33 23 Lose Combat Pursuer 30 | . 30 . . Influence Decreases 846 | . 169 315 362 Entered New Map 183 | . . 84 99 Time Decay 570 | . 169 201 200 Lost Part 93 | . . 30 63 Squads Dispatched 8 | . 4 2 2 Investigation 4 | . 3 . 1 Extermination . | . . . . Reinforcement 4 | . 1 2 1 Assault . | . . . . Garrison . | . . . . Intercept . | . . . . Searches Triggered . | . . . . Construction Impeded . | . . . . Haulers Reinforced . | . . . . Active Scanning Responses . | . . . . Cargo Convoy Interrupts . | . . . . Stealth | -11 -10 -9 -9 --------- Run | Yrd Mat Mat Sto Distress Signals 1 | . . 1 . Communications Jammed . | . . . . Distress Signals . | . . . . Times Spotted 35 | . 12 15 8 Peak Tracking Total 9 | . 7 9 3 Tactical Retreats 4 | . 2 2 . ECM-based Alert Blocks 3 | . . 3 . Traps | -11 -10 -9 -9 ------- Run | Yrd Mat Mat Sto Traps Triggered 4 | . 4 . . Indirectly . | . . . . Trap Hack Attempts . | . . . . Triggered . | . . . . Disarmed . | . . . . Reprogrammed . | . . . . Reused . | . . . . Traps Extracted . | . . . . Installed . | . . . . Triggered . | . . . . Machines | -11 -10 -9 -9 ---------- Run | Yrd Mat Mat Sto Machines Disabled 3 | . . 3 . Max in Single Turn 1 | . . 1 . Machines Repaired . | . . . . Machines Dismantled . | . . . . Machines Sabotaged . | . . . . Overloaded Fab Kills . | . . . . Hacking | -11 -10 -9 -9 --------- Run | Yrd Mat Mat Sto Machines Accessed 7 | . 2 2 3 Terminals 7 | . 2 2 3 Fabricators . | . . . . Repair Stations . | . . . . Recycling Units . | . . . . Scanalyzers . | . . . . Garrison Access . | . . . . Total Hacks 16 | . 5 5 6 Successful 7 | . 3 2 2 Failed 9 | . 2 3 4 Catastrophic 3 | . 1 . 2 Database Lockouts . | . . . . Manual 6 | . . 4 2 Terminals 16 | . 5 5 6 Fabricators . | . . . . Repair Stations . | . . . . Recycling Units . | . . . . Scanalyzers . | . . . . Garrison Access . | . . . . Terminal Hacks 7 | . 3 2 2 Open Door 1 | . . . 1 Branch Access Points 1 | . . 1 . Locate Traps 1 | . . 1 . Investigation Status 1 | . 1 . . Recall Investigation 2 | . 2 . . Zone Layout 1 | . . . 1 Fabricator Hacks . | . . . . Repair Station Hacks . | . . . . Recycling Unit Hacks . | . . . . Scanalyzer . | . . . . Garrison Access Hacks . | . . . . Unauthorized Hacks . | . . . . Terminals . | . . . . Fabricators . | . . . . Repair Stations . | . . . . Recycling Units . | . . . . Scanalyzers . | . . . . Garrison Access . | . . . . Data Cores Recovered . | . . . . Used . | . . . . Hacking Detections 5 | . 2 1 2 Full Trace Events 5 | . 2 1 2 Feedback Events . | . . . . Feedback Blocked . | . . . . Robot Schematics Acquired . | . . . . Robots Built . | . . . . Authchips . | . . . . Time . | . . . . Total Robot Build Rating . | . . . . Part Schematics Acquired . | . . . . Parts Built . | . . . . Authchips . | . . . . Time . | . . . . Total Part Build Rating . | . . . . Part Studies Acquired . | . . . . Parts Repaired . | . . . . Time . | . . . . Parts Recycled . | . . . . Recycled Matter . | . . . . Retrieved Matter . | . . . . Retrieved Components . | . . . . Parts Scanalyzed . | . . . . Part Schematics Acquired . | . . . . Parts Damaged . | . . . . Bothacking | -11 -10 -9 -9 ------------ Run | Yrd Mat Mat Sto Used RIF Installer . | . . . . Robots Hacked . | . . . . Non-combat . | . . . . Combat . | . . . . Robot Hacks Applied . | . . . . Relay Couplers Released . | . . . . Fabnet Peak Effective % . | . . . . Robots Rewired . | . . . . Allies Hacked . | . . . . Hacks Repelled . | . . . . Allies | -11 -10 -9 -9 -------- Run | Yrd Mat Mat Sto Total Allies . | . . . . Largest Group . | . . . . Highest-Rated Group . | . . . . Highest-Rated Ally . | . . . . Total Orders . | . . . . Ally Attacks . | . . . . Total Damage . | . . . . Kills . | . . . . Allies Corrupted . | . . . . Allies Melted . | . . . . Intel | -11 -10 -9 -9 ------- Run | Yrd Mat Mat Sto Active Infowar (turns) 770 | . 97 443 230 Structural 766 | . 97 443 226 ECM 629 | . . 399 230 Robot Analysis Total . | . . . . Derelict Logs Recovered . | . . . . Drone Launches . | . . . . Drone Recoveries . | . . . . Exploration | -11 -10 -9 -9 ------------- Run | Yrd Mat Mat Sto Turns Passed 1399 | 58 441 443 457 Spaces Moved 502 | 42 237 118 105 Core 19 | 19 . . . Treads 483 | 23 237 118 105 Legs . | . . . . Wheels . | . . . . Hover . | . . . . Flight . | . . . . Fastest Speed 50 | 50 160 160 320 Average Speed 226 | 110 160 309 332 Slowest Speed 480 | 160 160 480 480 Overloaded Moves . | . . . . Propulsion Burnouts . | . . . . Robots Hopped . | . . . . Potential Cave-ins . | . . . . Cave-ins Triggered . | . . . . Exploration Rate (%) 23 | 3 54 20 17 Regions Visited 3 Branch Regions 1 Pre-discovered Areas . | . . . . Known Exits Taken 1 | . . 1 . Unknown Exits Taken 2 | 1 1 . . Scrap Searched . | . . . . Spaces Dug . | . . . . Terrain Destroyed 125 | . 63 41 21 Melee . | . . . . Projectile . | . . . . AOE 125 | . 63 41 21 Terrain Rammed . | . . . . Walls Destroyed . | . . . . Machines Disabled . | . . . . Actions | -11 -10 -9 -9 --------- Run | Yrd Mat Mat Sto Total 674 | 54 273 168 179 Wait 25 | . . 3 22 Move 499 | 41 236 117 105 Hop . | . . . . Pick Up 35 | 7 9 9 10 Fast Attach . | . . . . Attach 17 | 6 1 4 6 Detach . | . . . . Swap 10 | . 2 4 4 Drop 4 | . 1 3 . Fire 84 | . 24 28 32 Melee . | . . . . Ram . | . . . . Kick . | . . . . Crush . | . . . . Escape Stasis . | . . . . Rewire . | . . . . Trap . | . . . . Miscellaneous . | . . . . Route ------- -11/Scrapyard -10/Materials (discovered 3 exits: *Mat x2 / [*Min]) -9/Materials (discovered 3 exits: *Min / *Sto x2) -9/Storage History --------- Turn | Location | Event 6 | -11/Scrapyard | Discovered new exit (range 13) 59 | -11/Scrapyard | Entered Materials 88 | -10/Materials | Discovered new exit (range 15) 186 | -10/Materials | Discovered new exit (range 15) 311 | -10/Materials | Build established: Mutant 324 | -10/Materials | Discovered new exit (range 8) 500 | -10/Materials | Entered another Materials area 500 | -9/Materials | Evolved 2 slots: Utility x2 696 | -9/Materials | Identified exit to Mines 696 | -9/Materials | Identified exit to Storage 885 | -9/Materials | Build established: Infiltrator-Mutant 943 | -9/Materials | Entered Storage 1329 | -9/Storage | Lost 5 parts (1p1n1u2w) 1372 | -9/Storage | Core integrity fell below 50% 1389 | -9/Storage | Core integrity fell below 20% 1400 | -9/Storage | Destroyed by G-34 Mercenary with Small Laser Last Messages --------------- 01274_ Acquired 50 matter. 01275_ U-05 Engineer builds a Wall. 01280_ U-05 Engineer lays Concrete. 01280_ Grenade Launcher destroyed. 01282_ U-05 Engineer lays Concrete. 01283_ U-05 Engineer builds a Wall. 01284_ U-05 Engineer lays Concrete. 01288_ U-05 Engineer builds a Wall. 01298_ Imp. Medium Laser destroyed. 01298_ Backup Plating I destroyed. 01299_ Y-45 Defender destroyed. 01307_ R-06 Scavenger collects Heat Sink. 01308_ Acquired Lgt. Treads. 01309_ Acquired 60 matter. 01323_ K-01 Serf collects debris. 01371_ Lgt. Treads severed. 01383_ R-06 Scavenger collects Lgt. Treads. 01385_ Lgt. Treads destroyed. 01387_ Structural Scanner destroyed. 01395_ Adv. Beam Cannon destroyed. Map ----- +----------------------------------------------------+ | # ##??????????????????????????????????????? | | """ + ##??????????????????????????????????????? | | """ # ##??????????????????????????????????????? | | """ # ##??????????????????????????????????????? | | # ##??????????????????????????????????????? | | # ##??????????????????????????????????????? | | # ##??????????????????????????????????????? | | # ##??????????????????????????????????????? | | ##T### ##??????????????????????????????????????? | | ###### ##??????????????????????????????????????? | | ###### ##??????????????????????????????????????? | | ###### ##??????????????????????????????????????? | | ###### ##??????????????????????????????????????? | | ## " + ##??????????????????????????????????????? | | ####T# ##??????????????????????????????????????? | | ###### ##??????????????????????????????????????? | | ??#### ######??????????????????????????????????? | | ????## ##########??????????????????????????????? | | ???### ###T######??????????????????????????????? | | ???### ## ##??????????????????????????????? | | ???### ## ##??????????????????????????????? | | ???### ## #########???????######??????????????? | | ???### ###+################ #??????????????? | | ???### * #??????????????? | | ???### g #??????????????? | | ???### @l #??????????????? | | ???####+################+#### #??????????????? | | ??## ######## #???? #??????????? | | ??## ????????#""" #???????? #??????????? | | ??## """" ???????#""" #????????????????????? | | ??## ???? ???????#""" #????????????????????? | | ??## ???? ##?????# #????????????????????? | | ??## ???? ##?????#""" #????????????????????? | | ??## ???? ##?????#""" #????????????????????? | | ??## ????????????#""" #????????????????????? | | ??## ?????????????? #????????????????????? | | ??#####??????????????#"Y"####????????????????????? | | ??#####??????????????#"""????????????????????????? | | ??????????????????????###????????????????????????? | | ?????????????????????????????????????????????????? | | ?????????????????????????????????????????????????? | | ?????????????????????????????????????????????????? | | ?????????????????????????????????????????????????? | | ?????????????????????????????????????????????????? | | ?????????????????????????????????????????????????? | | ?????????????????????????????????????????????????? | | ?????????????????????????????????????????????????? | | ?????????????????????????????????????????????????? | | ?????????????????????????????????????????????????? | | ?????????????????????????????????????????????????? | +----------------------------------------------------+ Best States ------------- Heat Dissipation 28 Energy Generation 12 Energy Capacity 265 Matter Stores 246 Matter Capacity 300 Sight Range 16 Terrain Scan Density 10 ECM Strength 1 Armor Coverage 80 Evasion (%) 50 Recoil Reduction 2 Item Schematics ----------------- None Robot Schematics ------------------ None Fabricated ------------ Nothing Repaired ---------- Nothing Studied --------- None Alien Tech Used ----------------- None Achievements -------------- GoHome() Loot Pinata Physics Hates This One Trick Power Corrupts Challenges ------------ None Game ------ Seed InertialDeepManipulator Manual? 0 Play Time 00:24:39 Cumulative 4.5 hours Start 2026.09.10 @ 18:33:52 End 2026.09.10 @ 18:56:35 Sessions 1 Manual Loads 0 Difficulty Rogue Special Mode None Game No. 8 Rogue 8 Adventurer 0 Explorer 0 Win Type - Total 0 Types 0/0/0/0/0/0/0/0/0/0 Lore% 3 Gallery% 6 Achievement% 6 Wizard Run 0 Options --------- Layout 0 ASCII 0 Keyboard 0 Movement Mouse Keybinds 0 Fullscreen 1 Font 24/Smallcaps Map View 56x25 Zoom Use 100% Tactical HUD 1 Map Filters NONE Filters NONE Steam 1 RUN: 57e31f4d-e824-4723-821f-79bdb0e3e556